 Dungeon Crawl Stone Soup version 0.20.1-1-g8b1a95d (webtiles) character file.

256 Linguinho the Skirmisher (level 5, 0/41 HPs)
             Began as a Demonspawn Fighter on Nov 12, 2017.
             Was a Follower of Dithmenos.
             Killed by nerve-wracking pain
             ... invoked by Grinder
              (6 damage)
             ... while paralysed by Grinder
             ... on level 3 of the Dungeon.
             The game lasted 00:07:37 (3249 turns).

Linguinho the Skirmisher (Demonspawn Fighter)       Turns: 3249, Time: 00:07:39

Health: 0/41       AC:  7    Str: 22    XL:     5   Next: 92%
Magic:  5/5        EV:  2    Int: 10    God:    Dithmenos [*.....]
Gold:   130        SH:  0    Dex: 12    Spells: 4/4 levels left

rFire    . . .     SeeInvis .   t - +4 dagger
rCold    . . .     Gourm    .   c - +0 shield
rNeg     . . .     Faith    +   z - +0 leather armour {rPois}
rPois    +         Spirit   .   (no helmet)
rElec    .         Reflect  .   (no cloak)
rCorr    .         Harm     .   n - +0 pair of gloves
MR       .....                  (no boots)
Stlth    +++.......             k - amulet of faith
Regen    0.2/turn               (no ring)
MPRegen  0.1/turn               (no ring)

@: paralysed, mighty, wreathed by umbra
A: thin metallic scales 2, nightstalker 1, rot immunity
a: Renounce Religion


You were on level 3 of the Dungeon.
You worshipped Dithmenos.
Dithmenos was aware of your devotion.
You were not hungry.

You visited 1 branch of the dungeon, and saw 3 of its levels.

You collected 130 gold pieces.

Inventory:

Hand Weapons
 a - a +0 war axe
 i - a +0 dagger
 t - a +4 dagger (weapon)
Armour
 c - a +0 shield (worn)
 n - a +0 pair of gloves (worn)
 z - a +0 leather armour of poison resistance (worn)
Jewellery
 k - an amulet of faith (around neck)
Wands
 m - a wand of clouds (7/9)
Scrolls
 b - a scroll of amnesia {unknown}
 l - a scroll of blinking
 y - a scroll of enchant armour {unknown}
Potions
 e - a potion of brilliance {unknown}
 r - a potion of berserk rage {unknown}
 s - a potion of degeneration {unknown}
 u - 2 potions of mutation {unknown}
Comestibles
 f - 3 bread rations
 g - a royal jelly
 x - 4 fruits


   Skills:
 - Level 3.3 Fighting
 * Level 2.5 Short Blades
 - Level 2.2 Axes
 - Level 2.9 Armour
 + Level 2.1 Dodging
 * Level 2.5 Stealth
 - Level 3.3 Shields


You had 4 spell levels left.
You didn't know any spells.

Dungeon Overview and Level Annotations

Branches:
Dungeon (3/15)

Altars:
Dithmenos

Annotations:
D:3 Grinder


Innate Abilities, Weirdness & Mutations

You are mostly covered in thin metallic scales. (AC +3)
You are slightly more attuned to the shadows.
You are immune to rotting.


Message History

Your Stealth skill increases to level 2!
Grinder closely misses you.
You puncture Grinder!
Grinder is moderately wounded.
Grinder grins, showing sharp teeth.
Grinder hits you!
You writhe in agony.
Grinder hits you but does no damage.
You impale Grinder!!
Grinder is severely wounded.
You closely miss Grinder.
Grinder is severely wounded.
Grinder gestures at you.
You suddenly lose the ability to move!
Grinder hits you!
You writhe in agony.
* * * LOW HITPOINT WARNING * * *
Grinder hits you but does no damage. Grinder hits you!
* * * LOW HITPOINT WARNING * * *
Grinder gestures at you. Pain shoots through your body!
You die...

#....###. #...<..#.
##'###.#. ###.....#.
########.....)...
#........#.......
#........#.#.....
###5.......#.#.####
#>@.....†......#
#.######.#.#...####
#..................
#.....)###.##..####
#......# #.###.##
#......###.# #..#
####........#.####.###
#..##..##...#.........
#..#8..8#...#######.##


You could see Grinder.

Vanquished Creatures
  The ghost of Linguinho the Skirmisher, an amateur DsFi (D:3)
  An orc wizard (D:3)
  7 adders
  2 worms (D:2)
  3 dart slugs
  2 leopard geckos
  5 orcs
  8 bats
  4 giant cockroaches
  10 hobgoblins
  2 jackals (D:2)
  5 kobolds
  A quokka (D:3)
  6 frilled lizards
  A giant cockroach zombie (D:2)
  6 goblins
  2 leopard gecko skeletons (D:2)
  A leopard gecko zombie (D:2)
  7 rats
74 creatures vanquished.

Vanquished Creatures (others)
  A kobold (D:3)
1 creature vanquished.

Grand Total: 75 creatures vanquished

Notes
Turn   | Place    | Note
-------+----------+-------------------------------------------
     0 | D:1      | Linguinho the Demonspawn Fighter began the quest for the Orb.
     0 | D:1      | Reached XP level 1. HP: 18/18 MP: 1/1
   156 | D:1      | Gained mutation: You are slightly more attuned to the shadows. [demonic ancestry]
   156 | D:1      | Reached XP level 2. HP: 21/24 MP: 2/2
   781 | D:2      | Gained mutation: You are partially covered in thin metallic scales. (AC +2) [demonic ancestry]
   781 | D:2      | Reached XP level 3. HP: 28/29 MP: 3/3
  1056 | D:2      | Found a shadowy altar of Dithmenos.
  1138 | D:2      | Became a worshipper of Dithmenos the Shadowed
  1173 | D:2      | Reached skill level 1 in Short Blades
  1713 | D:2      | Gained mutation: You are immune to rotting. [demonic ancestry]
  1713 | D:2      | Reached XP level 4. HP: 35/35 MP: 4/4
  1949 | D:3      | Reached skill level 1 in Dodging
  1957 | D:3      | Reached skill level 1 in Stealth
  2498 | D:3      | Gained mutation: You are mostly covered in thin metallic scales. (AC +3) [demonic ancestry]
  2498 | D:3      | Reached XP level 5. HP: 32/41 MP: 5/5
  2531 | D:3      | Reached * piety under Dithmenos
  2680 | D:3      | Noticed Grinder
  2681 | D:3      | Noticed Linguinho's ghost (amateur DsFi)
  2684 | D:3      | Paralysed by Grinder for 6 turns
  3242 | D:3      | Killed Linguinho's ghost
  3245 | D:3      | Paralysed by Grinder for 7 turns
  3249 | D:3      | Killed from afar by Grinder

Skill      XL: |  1  2  3  4  5 |
---------------+----------------+-----
Axes           | 2 |  2.2
Shields        | 3 |  3.3
Short Blades   | 1 2 |  2.5
Dodging        | 1 2 |  2.1
Stealth        | 1 2 |  2.5
Fighting       | |  3.3
Armour         | |  2.9

Action                   |  1- 3 |  4- 6 || total
-------------------------+-------+-------++-------
Melee: War axe           |   181 |   105 ||   286
       Dagger            |       |    31 ||    31
  Use: Scroll            |       |     8 ||     8
       Potion            |       |     1 ||     1
 Stab: Sleeping          |     1 |     4 ||     5
  Eat: Chunk             |     2 |     2 ||     4
       Royal jelly       |       |     2 ||     2
Armor: Scale mail        |    88 |    63 ||   151
       Leather armour    |       |     6 ||     6
Dodge: Dodged            |    52 |    47 ||    99
Block: Shield            |    85 |    56 ||   141
